 Dungeon Crawl Stone Soup version 0.30-a0-1112-gfb780f5df6 (webtiles) character file.

Game seed: 16167464861063623540

2233 lunkers the Carver (level 9, -3/80 HPs)
             Began as a Meteoran Fighter on Apr 17, 2023.
             Was a Plaything of Xom.
             Succumbed to a kobold brigand's poison
             ... on level 8 of the Dungeon on Apr 19, 2023.
             The game lasted 00:13:10 (3627 turns).

lunkers the Carver (Meteoran Fighter)               Turns: 3627, Time: 00:13:11

Health: -3/80      AC: 31    Str: 19    XL:     9   Next: 94%
Magic:  19/19      EV:  5    Int: 15    God:    Xom [.....*]
Gold:   163        SH:  5    Dex: 17    Spells: 8/8 levels left

rFire   . . .      SeeInvis +    a - +7 short sword of Ciul {flame, rC+ MP+9 Dex+2}
rCold   + . .      Faith    .    c - +0 buckler
rNeg    . . .      Spirit   .    v - +8 orange crystal plate armour {Archmagi, Int+3 Clar}
rPois   .          Reflect  .    B - +0 helmet
rElec   .          Rampage  .    (no cloak)
rCorr   .          Archmagi +    (no gloves)
Will    +....      Clarity  +    m - +1 pair of boots Stlth
                                 (no amulet)
HPRegen 0.33/turn                e - ring of see invisible
MPRegen 0.16/turn                (no ring)

@: lethally poisoned (-3 -> -33), slowed, glowing, very slow
A: sense surroundings 2, otherworldly, glowing, explore regen
a: Renounce Religion


You were on level 8 of the Dungeon.
You worshipped Xom.
You were Xom's teddy bear.
You visited 1 branch of the dungeon, and saw 8 of its levels.
You also visited: Sewer.

You collected 1411 gold pieces.
You spent 1248 gold pieces at shops.

Inventory:

Hand Weapons
 a - the +7 short sword of Ciul (weapon) {flame, rC+ MP+9 Dex+2}
   (You bought it in a shop on level 6 of the Dungeon)

   Dex:       It affects your dexterity (+2).
   rC:        It protects you from cold.
   MP:        It affects your magic capacity (+9).
 b - a +1 short sword of venom
 q - a +0 dagger of venom
 t - a +3 dagger
 x - a +0 long sword
 z - a +5 demon whip of venom
Armour
 c - a +0 buckler (worn)
 m - a +1 pair of boots (worn)
 n - a +0 scale mail
 v - the +8 orange crystal plate armour (worn) {Archmagi, Int+3 Clar}
   (You acquired it on level 5 of the Dungeon)

   Int:       It affects your intelligence (+3).
   Clar:      It protects you against confusion.
 B - a +0 helmet (worn)
Jewellery
 e - a ring of see invisible (left hand)
 f - a ring of wizardry
 k - a ring of fire
Wands
 o - a wand of polymorph (14)
 y - a wand of charming (5)
 A - a wand of flame (19)
Scrolls
 h - 4 scrolls of identify
 i - 3 scrolls of teleportation
 l - a scroll of amnesia
Potions
 d - 2 potions of might
 g - 2 potions of invisibility
 j - 3 potions of haste
 p - 6 potions of flight
 r - a potion of cancellation
 s - a potion of mutation
 u - 2 potions of magic
 w - a potion of resistance


   Skills:
 - Level 7.7 Fighting
 - Level 3.9(7.3) Short Blades
 - Level 10.5(10.9) Long Blades
 + Level 3.5 Maces & Flails
 - Level 8.6 Armour
 - Level 7.4 Dodging
 - Level 3.6 Shields
 - Level 5.0 Evocations


You had 8 spell levels left.
You didn't know any spells.
Your spell library contained the following spells:

 Spells                   Type           Power      Damage    Failure   Level
 Beastly Appendage        Tmut           0%         N/A       100%        1
 Lesser Beckoning         Tloc           0%         N/A       100%        2
 Wereblood                Tmut           0%         N/A       100%        2
 Dazzling Flash           Conj/Hex       0%         N/A       100%        3
 Frozen Ramparts          Ice            0%         1d1       100%        3
 Gell's Gravitas          Tloc           0%         N/A       100%        3
 Spider Form              Tmut/Pois      0%         N/A       100%        3
 Teleport Other           Tloc           0%         N/A       100%        3
 Ice Form                 Ice/Tmut       0%         N/A       100%        4
 Summon Ice Beast         Ice/Summ       0%         N/A       100%        4
 Agony                    Necr           0%         N/A       100%        5
 Silence                  Hex/Air        0%         N/A       100%        5


Dungeon Overview and Level Annotations

Branches:
Dungeon (8/15) Zot: 1489   Temple (0/1) D:7           Sewer (visited)
   Lair: D:8-11

Altars:
Gozag
Qazlal
Trog
Uskayaw
Wu Jian
Xom
Zin

Shops:
D:5 ?*   D:6 (


Innate Abilities, Weirdness & Mutations

You passively map the area around you.
You are easily found by Zot.
You glow in the dark.
You regain HP and MP as you explore.


Message History

You barely miss the kobold brigand.
The kobold brigand is moderately wounded.
You feel sick.
The kobold brigand hits you but does no damage.
The kobold demonologist casts a cantrip, but nothing happens.
The kobold brigand attacks as you move away!
The kobold brigand hits you but does no damage.
Found a stone staircase leading up.
You feel sick.
The kobold brigand throws a poisoned dart.
You block the poisoned dart.
You feel sick.
You feel sick.
You are no longer poisoned.
A kobold comes into view. It is wielding a +0 club.
The kobold demonologist casts a cantrip, but nothing happens. x2
The kobold brigand attacks as you move away!
The kobold brigand hits you but does no damage.
The orange demon stings you from afar.
* * * LOW HITPOINT WARNING * * *
The kobold brigand throws a poisoned dart.
The poisoned dart hits you.
You are poisoned.
You feel sick.
The kobold brigand throws a poisoned dart.
The poisoned dart hits you!
You are more poisoned.
The orange demon stings you from afar!
* * * LOW HITPOINT WARNING * * *
You are lethally poisoned!
The orange demon poisons you!
The kobold brigand throws a poisoned dart.
The poisoned dart hits you!
You are more poisoned.
* * * LOW HITPOINT WARNING * * *
You feel extremely sick.
There is a stone staircase leading up here.
Unknown command.
Okay, then.
You die...
Xom thinks this is hilarious!

...... o.., ..#..# # *
#...###§# *#.#..# #
##.K.K##o#####§#..#######
#..KK..K.KD§§.§..........
* *
#.##o#########.##########
,#.# #.# , #o#########.#
, , #.K.........# * ,
#.K4.@......# * *
###########.# , ** * *
#.# * * , , * * * *, > *


You could see an orange demon (summoned), 2 kobold brigands and an orc wizard.

Vanquished Creatures
  Sigmund (D:5)
  2 water moccasins (D:6)
  An ice beast (D:7)
  A phantom (D:6)
  3 kobold brigands
  A scorpion (D:5)
  4 killer bees (D:6)
  A howler monkey (D:6)
  4 hounds
  A jelly (D:5)
  3 orc priests
  2 gnoll boudas (D:5)
  A sleepcap (D:5)
  5 iguanas
  2 orc wizards
  Ijyb (D:3)
  8 gnolls
  4 adders
  A shadow imp (D:4)
  2 white imps
  A worm (D:2)
  A dart slug (D:1)
  17 orcs
  3 endoplasms
  6 giant cockroaches
  2 goblins
  8 hobgoblins
  6 quokkas
  2 ball pythons
  2 bats
  5 frilled lizards
  18 kobolds
  5 rats
124 creatures vanquished.

Vanquished Creatures (collateral kills)
  Prince Ribbit (D:5)
  A hound (D:5)
  3 gnolls (D:5)
  A worm (D:5)
  A ball python (D:5)
  2 giant cockroaches (D:5)
  3 rats (D:5)
12 creatures vanquished.

Vanquished Creatures (others)
  An orc wizard (D:8)
  2 plants
3 creatures vanquished.

Grand Total: 139 creatures vanquished

Notes
Turn   | Place    | Note
-------+----------+-------------------------------------------
     0 | D:1      | lunkers the Meteoran Fighter began the quest for the Orb.
     0 | D:1      | Reached XP level 1. HP: 19/19 MP: 2/2
    37 | D:1      | Reached skill level 3 in Long Blades
    37 | D:1      | Reached XP level 2. HP: 26/26 MP: 3/3
   357 | D:2      | Reached skill level 4 in Long Blades
   357 | D:2      | Reached XP level 3. HP: 31/31 MP: 4/4
   770 | D:3      | Reached XP level 4. HP: 19/38 MP: 5/5
   778 | D:3      | Reached skill level 5 in Long Blades
   825 | D:3      | Found a faded altar of an unknown god.
   834 | D:3      | Prayed at the altar of an unknown god.
   834 | D:3      | Became a worshipper of Xom of Malevolent Giggling
   841 | D:3      | Reached XP level 5. HP: 45/45 MP: 6/6
   858 | D:3      | Found a bloodstained altar of Trog.
   861 | D:3      | Found a shimmering altar of Xom.
   861 | D:3      | Found a bloodstained altar of Trog.
   870 | D:3      | Found an ornate altar of the Wu Jian Council.
   870 | D:3      | Found a hazy altar of Hepliaklqana.
   870 | D:3      | Found a hide-covered altar of Uskayaw.
   894 | D:3      | XOM: silly message
   898 | D:3      | Found a glowing silver altar of Zin.
   898 | D:3      | Noticed an angel
   961 | D:3      | Noticed Ijyb
   973 | D:3      | Killed Ijyb
   974 | D:3      | Reached skill level 6 in Long Blades
  1106 | D:4      | Reached XP level 6. HP: 21/51 MP: 7/7
  1136 | D:4      | Reached skill level 7 in Long Blades
  1455 | D:4      | XOM: potion effect (experience)
  1455 | D:4      | Reached skill level 10 in Long Blades
  1455 | D:4      | Reached XP level 7. HP: 64/67 MP: 8/8
  1465 | D:4      | Reached skill level 1 in Evocations
  1513 | D:5      | Entered Level 5 of the Dungeon
  1537 | D:5      | XOM: divination: magic mapping
  1549 | D:5      | XOM: divination: magic mapping
  1562 | D:5      | XOM: cast spell 'Summon Small Mammal'
  1576 | D:5      | Reached XP level 8. HP: 9/74 MP: 9/9
  1587 | D:5      | Identified a scroll of acquirement
  1587 | D:5      | Acquired 1044 gold pieces
  1603 | D:5      | XOM: 1-stop teleportation journey
  1635 | D:5      | Noticed Prince Ribbit
  1641 | D:5      | Killed Prince Ribbit
  1676 | D:5      | Found a glowing drain.
  1687 | Sewer    | Entered a sewer
  1768 | Sewer    | XOM: noise
  2070 | D:5      | XOM: enchant monster (bad)
  2138 | D:5      | Found Pabaymig's Magic Scroll Shoppe.
  2159 | D:5      | Reached skill level 5 in Evocations
  2174 | D:5      | Bought a scroll of acquirement for 572 gold pieces
  2174 | D:5      | Acquired the +8 orange crystal plate armour {Archmagi,
                  | Int+3 Clar}
  2174 | D:5      | Found the +8 orange crystal plate armour {Archmagi, Int+3
                  | Clar}
  2219 | D:5      | Found Vuadigg's Lightly-Used Armoury.
  2223 | D:5      | Upgraded the game from 0.30-a0-1094-g860fb061e7 to
                  | 0.30-a0-1112-gfb780f5df6
  2286 | D:5      | XOM: 1-stop teleportation journey
  2475 | D:5      | XOM: noise
  2524 | D:5      | Noticed Sigmund
  2527 | D:5      | Gained mutation: You passively map the area around you.
                  | [Meteoran growth]
  2527 | D:5      | Reached XP level 9. HP: 56/80 MP: 10/10
  2527 | D:5      | XOM: enchant monster (good)
  2534 | D:5      | Killed Sigmund
  2535 | D:5      | Reached skill level 1 in Short Blades
  2603 | D:6      | XOM: summons 2 friendly demons
  2646 | D:6      | XOM: scenery: 1 doors open, 1 doors close
  2705 | D:6      | XOM: polymorph killer bee -> howler monkey
  2715 | D:6      | XOM: cleaving
  2758 | D:6      | XOM: noise
  2852 | D:6      | Found Suewi's Antique Weapon Emporium.
  2880 | D:6      | Bought a twisted short sword for 208 gold pieces
  2880 | D:6      | Identified the +7 short sword of Ciul {flame, rC+ MP+9
                  | Dex+2} (You bought it in a shop on level 6 of the Dungeon)
  2881 | D:6      | Bought a glowing demon whip for 468 gold pieces
  2894 | D:6      | Found an opulent altar of Gozag.
  2898 | D:6      | XOM: potion effect (might)
  2909 | D:6      | XOM: noise
  2913 | D:6      | Reached skill level 1 in Maces & Flails
  2958 | D:6      | Found a stormy altar of Qazlal.
  2959 | D:6      | Found a bloodstained altar of Trog.
  3178 | D:7      | Found a staircase to the Ecumenical Temple.
  3488 | D:7      | XOM: 2-stop teleportation journey
  3601 | D:8      | Noticed a kobold demonologist
  3616 | D:8      | XOM: swap monsters
  3620 | D:8      | Noticed an orange demon
  3627 | D:8      | Succumbed to a kobold brigand's poison

Illustrated notes

Levels and vault maps discovered:
D:1:      dpeg_arrival_pits, layout_rooms
D:2:      layout_basic
D:3:      layout_loops_ring, zin_angel, doesnt_xom_only_xom,
          ebering_ecumenical_altar_box, uniq_ijyb
D:4:      layout_loops_ring, minivault_24, minmay_diced_spiral
D:5:      layout_layer_cave, portal_sewer_entry_e, serial_shops,
          nicolae_shop_tiny_glass, chequers_serial_rivers_micro_d,
          minmay_shop_damaged, minmay_misc_feat_tiny, st_stairs_1,
          uniq_crazy_yiuf_cottage, uniq_sigmund, uniq_prince_ribbit1
D:6:      layout_gridville, gammafunk_temple_overflow_forgotten, serial_shops,
          shop
D:7:      layout_loops_corners, minmay_temple_entry_arrows,
          nicolae_fountain_basement
D:8:      layout_loops_ring, special_room [special_room_kobold],
          minmay_chambers_of_fives

Skill      XL: |  1  2  3  4  5  6  7  8  9 |
---------------+----------------------------+-----
Long Blades    | 3 4 5 6 10 | 10.5
Fighting       | 7 |  7.7
Armour         | 8 |  8.6
Dodging        | 7 |  7.4
Evocations     | 2 5 |  5.0
Short Blades   | 3 |  3.9
Maces & Flails | 3 |  3.5
Shields        | |  3.6

Action                     |  1- 3 |  4- 6 |  7- 9 || total
---------------------------+-------+-------+-------++-------
  Melee: Long sword        |    78 |    40 |       ||   118
         Short sword       |       |    69 |   353 ||   422
         Unarmed           |       |     5 |       ||     5
    Use: Scroll            |       |       |    17 ||    17
   Stab: Petrified         |       |       |     3 ||     3
         Distracted        |       |       |     1 ||     1
 Armour: Scale mail        |    30 |    33 |    55 ||   118
         Skin              |       |     1 |       ||     1
         Crystal plate arm |       |       |   111 ||   111
  Dodge: Dodged            |    18 |    33 |    86 ||   137
  Block: Buckler           |    23 |    24 |    61 ||   108

Table legend: (Time is in decaauts)
 A = Elapsed time spent in this place.
 B = Non-inter-level travel time spent in this place.
 C = Inter-level travel time spent in this place.
 D = Time resting spent in this place.
 E = Time spent auto-exploring this place.
 F = Levels seen in this place.
 G = Mean time per level.
                   A        B        C        D        E       F      G
               +--------+--------+--------+--------+--------+-----+--------+
         Total |   3582 |   3513 |     69 |      0 |   2383 |   9 |  398.0 |
       Dungeon |   3310 |   3241 |     69 |      0 |   2257 |   8 |  413.8 |
         Sewer |    272 |    272 |      0 |      0 |    126 |   1 |  272.0 |
               +--------+--------+--------+--------+--------+-----+--------+

Top non-repeatable levels by time:
     D:5: 792 daAuts
     D:2: 536 daAuts
     D:6: 477 daAuts
     D:4: 424 daAuts
     D:7: 402 daAuts
     D:3: 354 daAuts
   Sewer: 272 daAuts
     D:1: 210 daAuts
     D:8: 112 daAuts
